 Dungeon Crawl Stone Soup version 0.31-a0-986-g5e6e4ef867 (webtiles) character file.

Game seed: 1103428707805757319

2 wildpjah the Slasher (level 1, 0/12 HPs)
             Began as a Tengu Gladiator on Nov 21, 2023.
             Frozen to death by an endoplasm (5 damage)
             ... on level 1 of the Dungeon.
             The game lasted 00:00:09 (60 turns).

wildpjah the Slasher (Tengu Gladiator)                Turns: 60, Time: 00:00:09

Health: 0/12       AC:  3    Str: 14    XL:     1   Next: 40%
Magic:  2/2        EV: 12    Int:  8    God:
Gold:   10         SH:  0    Dex: 15    Spells: 0/0 levels left

rFire   . . .        a - +0 long sword
rCold   . . .        (no shield)
rNeg    . . .        b - +0 leather armour
rPois   .            c - +0 hat
rElec   .            (no cloak)
rCorr   .            (no gloves)
SInv    .            (boots unavailable)
Will    .....        (no amulet)
Stlth   +            (no ring)
HPRegen 0.22/turn    (no ring)
MPRegen 0.08/turn

%: acrobat
@: no status effects
A: beak, talons 3, acrobatic
a: no special abilities


You were on level 1 of the Dungeon.
You visited 1 branch of the dungeon, and saw 1 of its levels.

You collected 10 gold pieces.

Inventory:

Hand Weapons
 a - a +0 long sword (weapon)
Missiles
 d - 3 throwing nets (quivered)
 e - a javelin
Armour
 b - a +0 leather armour (worn)
 c - a +0 hat (worn)


   Skills:
 + Level 2.0 Fighting
 + Level 3.3 Long Blades
 + Level 2.0 Throwing
 + Level 3.3 Dodging


You couldn't memorise any spells.
You didn't know any spells.
Your spell library was empty.

Dungeon Overview and Level Annotations

Branches:
Dungeon (1/15)

Altars:


Innate Abilities, Weirdness & Mutations

You have a beak for a mouth.
You have claws for feet.
You can magically evade attacks while moving or waiting.


Message History

You peck the endoplasm, but do no damage.
The endoplasm is lightly wounded.
The endoplasm hits you.
You slash the endoplasm!
You kill the endoplasm!
The hobgoblin shouts!
Found a glowing helmet.
The hobgoblin hits you but does no damage.
You slash the hobgoblin!
You kill the hobgoblin!
No target in view!
No target in view!
No target in view!
HP restored.
You now have 10 gold pieces.
An endoplasm comes into view.
The endoplasm quivers.
The endoplasm misses you.
You hit the endoplasm.
You claw the endoplasm, but do no damage.
The endoplasm is lightly wounded.
The endoplasm hits you.
You barely miss the endoplasm. The endoplasm freezes you.
You are frozen.
The endoplasm hits you but does no damage.
An endoplasm is nearby!
You hit the endoplasm. You claw the endoplasm.
The endoplasm is severely wounded.
The endoplasm freezes you.
You are frozen.
You are too injured to fight recklessly!
You are too injured to fight recklessly!
You are too injured to fight recklessly!
You are too injured to fight recklessly!
You hit the endoplasm but do no damage.
The endoplasm is severely wounded.
The endoplasm freezes you.
You are frozen.
You die...

######## ......>######
.8..8.......# ##### ###
............# #...#......
............# #...#......
......>.....# #.J.#......
............###.@.#......
...[..........#........##
.8..8..###....#...........
......># #....#^..........#
##########....#...........#
.[..........#..........[.
####........###.........
#........##..........
#........##......####


You could see an endoplasm.

Vanquished Creatures
  An endoplasm (D:1)
  A hobgoblin (D:1)
2 creatures vanquished.

Notes
Turn   | Place    | Note
-------+----------+-------------------------------------------
     0 | D:1      | wildpjah the Tengu Gladiator began the quest for the Orb.
     0 | D:1      | Reached XP level 1. HP: 12/12 MP: 2/2
    60 | D:1      | Frozen to death by an endoplasm

Illustrated notes

Levels and vault maps discovered:
D:1:      lemuel_arrival_broad_hall, layout_basic, minmay_crystal_water,
          minmay_quantized

Action                     || total
---------------------------++-------
  Melee: Long sword        ||     7
         Kick              ||     3
         Peck              ||     1
 Armour: Leather armour    ||     4
  Dodge: Dodged            ||     1

Table legend: (Time is in decaauts)
 A = Elapsed time spent in this place.
 B = Non-inter-level travel time spent in this place.
 C = Inter-level travel time spent in this place.
 D = Time resting spent in this place.
 E = Time spent auto-exploring this place.
 F = Levels seen in this place.
 G = Mean time per level.
                   A        B        C        D        E       F      G
               +--------+--------+--------+--------+--------+-----+--------+
         Total |     61 |     61 |      0 |      0 |     39 |   1 |   61.0 |
       Dungeon |     61 |     61 |      0 |      0 |     39 |   1 |   61.0 |
               +--------+--------+--------+--------+--------+-----+--------+

Top non-repeatable levels by time:
     D:1: 61 daAuts
